 Dungeon Crawl Stone Soup version 0.29-a0-582-ge82337ba6a (webtiles) character file.

Game seed: 11026595038020693586

104 vulpzor the Nimble (level 4, -2/34 HPs)
             Began as a Gnoll Wanderer on June 15, 2022.
             Was a Believer of Sif Muna.
             Slain by Grinder (5 damage)
             ... on level 3 of the Dungeon.
             The game lasted 00:09:43 (2732 turns).

vulpzor the Nimble (Gnoll Wanderer)                 Turns: 2732, Time: 00:09:45

Health: -2/34      AC:  7    Str: 10    XL:     4   Next: 80%
Magic:  4/8        EV: 14    Int: 14    God:    Sif Muna [**....]
Gold:   165        SH:  0    Dex: 12    Spells: 8/9 levels left

rFire   . . .      SeeInvis .   p - +1 hand axe (vorpal)
rCold   . . .      Faith    .   (no shield)
rNeg    . . .      Spirit   .   d - +3 leather armour
rPois   .          Reflect  .   k - +0 helmet
rElec   .          Harm     .   (no cloak)
rCorr   .          Rampage  .   (no gloves)
Will    .....                   (no boots)
Stlth   +.........              (no amulet)
HPRegen 0.11/turn               (no ring)
MPRegen 0.11/turn               (no ring)

@: very slightly contaminated
A: fangs 1, strong nose, distributed training
a: Renounce Religion, Channel Magic


You were on level 3 of the Dungeon.
You worshipped Sif Muna.
Sif Muna was pleased with you.
You visited 1 branch of the dungeon, and saw 3 of its levels.

You collected 165 gold pieces.

Inventory:

Hand Weapons
 a - a +0 dagger
 p - a +1 vorpal hand axe (weapon)
Armour
 d - a +3 leather armour (worn)
 i - a +1 ring mail of fire resistance
 k - a +0 helmet (worn)
Scrolls
 b - 2 scrolls of teleportation
 c - a scroll of summoning
 e - a scroll of enchant armour
 j - a scroll of magic mapping
 m - a scroll of blinking {unknown}
Potions
 f - a potion of invisibility {unknown}
 g - a potion of berserk rage {unknown}
 h - a potion of ambrosia {unknown}
 l - 3 potions of curing {unknown}
 n - 2 potions of might {unknown}
 o - 2 potions of lignification {unknown}


   Skills:
 + Level 2.8 Fighting
 + Level 1.2 Short Blades
 + Level 1.2 Long Blades
 + Level 1.2 Axes
 + Level 1.2 Maces & Flails
 + Level 1.2 Polearms
 + Level 1.2 Staves
 + Level 1.2 Slings
 + Level 1.2 Bows
 + Level 1.2 Crossbows
 + Level 1.2 Throwing
 + Level 1.2 Armour
 + Level 8.6 Dodging
 + Level 1.2 Stealth
 + Level 1.2 Shields
 + Level 1.2 Unarmed Combat
 + Level 3.0 Spellcasting
 + Level 5.5 Conjurations
 + Level 1.0 Hexes
 + Level 1.0 Summonings
 + Level 1.0 Necromancy
 + Level 1.0 Translocations
 + Level 1.0 Transmutations
 + Level 1.0 Fire Magic
 + Level 1.0 Ice Magic
 + Level 1.0 Air Magic
 + Level 1.0 Earth Magic
 + Level 1.0 Poison Magic
 + Level 1.3 Invocations
 + Level 2.8 Evocations


You had 8 spell levels left.
You knew the following spells:

 Your Spells              Type           Power      Damage    Failure   Level
a - Shock                 Conj/Air       44%        1d5       8%          1

Your spell library contained the following spells:

 Spells                   Type           Power      Damage    Failure   Level
 Static Discharge         Conj/Air       11%        N/A       11%         2
 Stone Arrow              Conj/Erth      22%        3d8       22%         3
 Swiftness                Air            5%         N/A       50%         3
 Sticky Flame             Conj/Fire      11%        2d3       58%         4
 Airstrike                Air            2%         N/A       88%         4
 Dispel Undead            Necr           5%         3d7       88%         4
 Summon Lightning Spire   Summ/Air       5%         N/A       88%         4
 Storm Form               Tmut/Air       2%         N/A       100%        7
 Maxwell's Capacitive Co  Air            2%         ∞         100%        8


Dungeon Overview and Level Annotations

Branches:
Dungeon (3/15)

Altars:
Sif Muna

Annotations:
D:3 Grinder


Innate Abilities, Weirdness & Mutations

You have very sharp teeth.
Your uncanny sense of smell can sniff out nearby items.
Your experience applies equally to all skills.


Message History

Grinder shouts!
The zap hits Grinder but does no damage.
Grinder misses you.
You slash Grinder!
Grinder is moderately wounded.
Grinder gestures at you. Pain shoots through your body!
You hit Grinder but do no damage.
Grinder is moderately wounded.
Grinder gestures at you.
You barely resist. You hit Grinder.
Grinder is moderately wounded.
Grinder blinks!
The zap hits Grinder.
Grinder is heavily wounded.
The zap hits Grinder.
Grinder is heavily wounded.
The zap hits Grinder.
Grinder is severely wounded.
Grinder blinks!
You miscast Shock.
You are very lightly contaminated with residual magic.
Nothing appears to happen.
Grinder gestures at you.
You suddenly lose the ability to move!
Grinder says, "Tell me all your secrets, or I'll kill you."
Grinder hits you!
You writhe in agony.
Grinder gestures at you.
You shrug off the repeated paralysis!
Grinder hits you.
You writhe in agony.
You can move again.
You hit Grinder but do no damage.
Grinder is heavily wounded.
Grinder hits you.
* * * LOW HITPOINT WARNING * * *
You writhe in agony.
* * * LOW HITPOINT WARNING * * *
Grinder hits you.
You die...

######### .......####
#........#
#........#### #.#
#...........# ...
#....5@.....# #.#
#####.#.....# #.#
#.#.....# #.# #.#.....#
####.##########.#.....#
...............>#.....#
####...........##.....#
.......######..# .....#
######.## #..#


You could see Grinder.

Vanquished Creatures
  Jessica (D:3)
  Robin (D:3)
  An adder (D:2)
  A dart slug (D:2)
  3 orcs (D:3)
  4 endoplasms
  3 giant cockroaches
  14 goblins
  4 hobgoblins
  2 kobolds (D:2)
  2 quokkas
  5 ball pythons
  4 bats
  2 frilled lizards
  3 rats (D:2)
50 creatures vanquished.

Notes
Turn   | Place    | Note
-------+----------+-------------------------------------------
     0 | D:1      | vulpzor the Gnoll Wanderer began the quest for the Orb.
     0 | D:1      | vulpzor set off with the following items: a +0 dagger, a
                  | scroll of teleportation, a scroll of summoning, a +2
                  | leather armour; and the following spell memorised: Shock;
                  | and the following spells available to memorise: Stone Arrow
     0 | D:1      | Reached XP level 1. HP: 17/17 MP: 4/4
    86 | D:1      | You fall into a shaft and drop 1 floor!
   424 | D:2      | Reached XP level 2. HP: 23/23 MP: 3/5
  1243 | D:1      | Found a faded altar of an unknown god.
  1249 | D:1      | Prayed at the altar of an unknown god.
  1249 | D:1      | Became a worshipper of Sif Muna the Loreminder
  1249 | D:1      | Reached * piety under Sif Muna
  1338 | D:1      | Reached XP level 3. HP: 24/28 MP: 0/7
  1879 | D:2      | Reached skill level 1 in Invocations
  2223 | D:3      | Noticed Jessica
  2275 | D:3      | Killed Jessica
  2276 | D:3      | Reached skill level 1 in Short Blades
  2276 | D:3      | Reached skill level 1 in Long Blades
  2276 | D:3      | Reached skill level 1 in Axes
  2276 | D:3      | Reached skill level 1 in Maces & Flails
  2276 | D:3      | Reached skill level 1 in Polearms
  2276 | D:3      | Reached skill level 1 in Staves
  2276 | D:3      | Reached skill level 1 in Slings
  2276 | D:3      | Reached skill level 1 in Bows
  2276 | D:3      | Reached skill level 1 in Crossbows
  2276 | D:3      | Reached skill level 1 in Throwing
  2276 | D:3      | Reached skill level 1 in Armour
  2276 | D:3      | Reached skill level 1 in Stealth
  2276 | D:3      | Reached skill level 1 in Shields
  2276 | D:3      | Reached skill level 1 in Unarmed Combat
  2276 | D:3      | Reached XP level 4. HP: 29/34 MP: 1/8
  2545 | D:3      | Reached ** piety under Sif Muna
  2548 | D:3      | Reached skill level 1 in Hexes
  2548 | D:3      | Reached skill level 1 in Summonings
  2548 | D:3      | Reached skill level 1 in Necromancy
  2548 | D:3      | Reached skill level 1 in Translocations
  2548 | D:3      | Reached skill level 1 in Transmutations
  2548 | D:3      | Reached skill level 1 in Fire Magic
  2548 | D:3      | Reached skill level 1 in Ice Magic
  2548 | D:3      | Reached skill level 1 in Air Magic
  2548 | D:3      | Reached skill level 1 in Earth Magic
  2548 | D:3      | Reached skill level 1 in Poison Magic
  2591 | D:3      | Noticed Robin
  2598 | D:3      | Killed Robin
  2718 | D:3      | Noticed Grinder
  2727 | D:3      | Paralysed by Grinder for 5 turns
  2732 | D:3      | Slain by Grinder

Illustrated notes

Levels and vault maps discovered:
D:1:      lemuel_arrival_river_bridge, layout_rooms,
          shapermc_ecumenical_altar_mp_ritualfount, minmay_misc_feat_rugged,
          due_unseen_surprise
D:2:      layout_loops_corners, kennysheep_generic_room_16
D:3:      layout_basic, cheibrodos_gnoll_hut, uniq_robin, uniq_grinder,
          uniq_jessica

Skill      XL: |  1  2  3  4 |
---------------+-------------+-----
Invocations    | 1 |  1.3
Short Blades   | 1 |  1.2
Long Blades    | 1 |  1.2
Axes           | 1 |  1.2
Maces & Flails | 1 |  1.2
Polearms       | 1 |  1.2
Staves         | 1 |  1.2
Slings         | 1 |  1.2
Bows           | 1 |  1.2
Crossbows      | 1 |  1.2
Throwing       | 1 |  1.2
Armour         | 1 |  1.2
Stealth        | 1 |  1.2
Shields        | 1 |  1.2
Unarmed Combat | 1 |  1.2
Spellcasting   | 3 |  3.0
Hexes          | 1 |  1.0
Summonings     | 1 |  1.0
Necromancy     | 1 |  1.0
Translocations | 1 |  1.0
Transmutations | 1 |  1.0
Fire Magic     | 1 |  1.0
Ice Magic      | 1 |  1.0
Air Magic      | 1 |  1.0
Earth Magic    | 1 |  1.0
Poison Magic   | 1 |  1.0
Fighting       | |  2.8
Dodging        | |  8.6
Conjurations   | |  5.5
Evocations     | |  2.8

Action                   |  1- 3 |  4- 6 || total
-------------------------+-------+-------++-------
Melee: Dagger            |    41 |     7 ||    48
       Bite              |     4 |     3 ||     7
       Punch             |     1 |       ||     1
       Hand axe          |       |    23 ||    23
 Cast: Shock             |    64 |    29 ||    93
  Use: Scroll            |     3 |       ||     3
Armor: Leather armour    |    24 |     7 ||    31
Dodge: Dodged            |    35 |    29 ||    64

Table legend: (Time is in decaauts)
 A = Elapsed time spent in this place.
 B = Non-inter-level travel time spent in this place.
 C = Inter-level travel time spent in this place.
 D = Time resting spent in this place.
 E = Time spent auto-exploring this place.
 F = Levels seen in this place.
 G = Mean time per level.
                   A        B        C        D        E       F      G
               +--------+--------+--------+--------+--------+-----+--------+
         Total |   2739 |   2726 |     13 |     57 |   1983 |   3 |  913.0 |
       Dungeon |   2739 |   2726 |     13 |     57 |   1983 |   3 |  913.0 |
               +--------+--------+--------+--------+--------+-----+--------+

Top non-repeatable levels by time:
     D:2: 1403 daAuts
     D:1: 858 daAuts
     D:3: 477 daAuts
